 Dungeon Sprint DCSS version 0.28-a0-828-g0121872642 (webtiles) character file.

Game seed: 17846681152246248167

10295 xpp the Severer (level 11, -7/112 HPs)
             Began as a Hill Orc Fighter on Nov 11, 2021.
             Was the Champion of Beogh.
             Killed from afar by a hellion (34 damage)
             ... with damnation
             ... in the Dungeon (Sprint V: "Ziggurat Sprint").
             The game lasted 00:19:39 (1425 turns).

xpp the Severer (Hill Orc Fighter)                  Turns: 1425, Time: 00:19:42

Health: -7/112     AC: 32    Str: 27    XL:     11   Next: 59%
Magic:  2/2        EV: 10    Int:  8    God:    Beogh [******]
Gold:   0          SH: 20    Dex: 10    Spells: 10/10 levels left

rFire   . . .      SeeInvis +   c - +14 obsidian axe {vorpal, Mesm Drain Fly SInv}
rCold   + + .      Faith    .   E - +3 kite shield
rNeg    . . .      Spirit   .   x - +10 plate armour {ponderous}
rPois   +          Reflect  +   (no helmet)
rElec   +          Harm     .   b - +0 cloak {Stlth+}
rCorr   +          Rampage  .   G - +2 pair of gloves {Str+3}
Will    .....      NoTele   +   (no boots)
Stlth   ..........              z - amulet of reflection
HPRegen 0.28/turn               y - +6 ring of strength
MPRegen 0.08/turn               k - ring of Pyshay {Ice rPois MP-9 Str-5 Stlth+}

@: mighty, resistant, flying, mesmerised, studying Maces & Flails, unable to
read, slow
A: walk on water, inability to read while threatened
a: Renounce Religion, Smiting, Recall Orcish Followers, Give Item to Named
Follower, Resurrection


You were in the Dungeon.
You worshipped Beogh.
Beogh was exalted by your worship.
You visited 1 branch

Inventory:

Hand Weapons
 c - the +14 obsidian axe (weapon) {vorpal, Mesm Drain Fly SInv}
   (You found it in the Dungeon)

   It inflicts extra damage upon your enemies.
   It occasionally summons demons to assist the wielder when it strikes in
   combat.
   Its wielder is mesmerised by any visible foes.
   It cannot be unequipped while any foes are visible.
   SInv:      It lets you see invisible.
   Fly:       It grants you flight.
   Drain:     It drains your maximum health when unequipped.
Armour
 b - a +0 cloak of stealth (worn)
 w - the +6 scale mail of Meolitt {Str+2 Dex+7 Slay+3}
   (You found it in the Dungeon)

   Str:       It affects your strength (+2).
   Dex:       It affects your dexterity (+7).
   Slay:      It affects your accuracy & damage with ranged weapons and melee
   (+3).
 x - a +10 plate armour of ponderousness (worn)
 E - a +3 kite shield (worn)
 F - a +3 tower shield
 G - a +2 pair of gloves of strength (worn)
Jewellery
 k - the ring of Pyshay (right hand) {Ice rPois MP-9 Str-5 Stlth+}
   (You found it in the Dungeon)

   [ring of ice]

   It enhances your ice magic.
   Str:       It affects your strength (-5).
   rF:        It makes you vulnerable to fire.
   rC:        It protects you from cold.
   rPois:     It protects you from poison.
   MP:        It affects your magic capacity (-9).
   Stlth:     It makes you more stealthy.
 l - a ring of ice
 n - a ring of resist corrosion
 t - a ring of flight
 u - a +6 ring of dexterity
 v - a +6 ring of dexterity
 y - a +6 ring of strength (left hand)
 z - an amulet of reflection (around neck)
 D - a ring of protection from fire
Wands
 A - a wand of mindburst (7)
 B - a wand of iceblast (2)
 C - a wand of acid (6)
Scrolls
 a - 2 scrolls of brand weapon
 j - 4 scrolls of blinking
 o - 4 scrolls of amnesia
 p - 7 scrolls of fog
 q - a scroll of holy word
 r - 5 scrolls of identify
 s - 2 scrolls of fear
Potions
 d - 2 potions of might
 e - 10 potions of curing
 f - a potion of heal wounds
 g - 6 potions of haste
 i - a potion of berserk rage
 m - a potion of resistance


   Skills:
 + Level 15.3 Fighting
 - Level 16.8(18.0) Axes
 - Level 9.0(12.7) Maces & Flails
 + Level 15.9 Armour
 + Level 6.8 Dodging
 * Level 15.4 Shields


You had 10 spell levels left.
You didn't know any spells.
Your spell library contained the following spells:

 Spells                   Type           Power      Damage    Failure   Level
 Apportation              Tloc           0%         N/A       95%         1
 Shock                    Conj/Air       0%         1d3       95%         1
 Gell's Gravitas          Tloc           0%         N/A       100%        3
 Portal Projectile        Hex/Tloc       0%         N/A       100%        3
 Summon Guardian Golem    Hex/Summ       0%         N/A       100%        3
 Swiftness                Air            0%         N/A       100%        3
 Airstrike                Air            0%         N/A       100%        4
 Fulminant Prism          Conj/Hex       0%         3d6       100%        4
 Iskenderun's Mystic Bla  Conj/Tloc      0%         2d3       100%        4
 Blade Hands              Tmut           0%         N/A       100%        5
 Excruciating Wounds      Necr           0%         N/A       100%        5
 Fireball                 Conj/Fire      0%         3d3       100%        5
 Iskenderun's Battlesphe  Conj           0%         2d6       100%        5
 Lee's Rapid Deconstruct  Erth           0%         3d5*      100%        5
 Conjure Ball Lightning   Conj/Air       0%         3x3d6     100%        6
 Dispersal                Tloc           0%         N/A       100%        6
 Orb of Destruction       Conj           0%         N/A       100%        7
 Spellforged Servitor     Conj/Summ      0%         N/A       100%        7


Dungeon Overview and Level Annotations

Branches:
Dungeon (1/1)

Altars:
Ashenzari
Cheibriados
Dithmenos
Elyvilon
Fedhas
Gozag
Hepliaklqana
Kikubaaqudgha
Makhleb
Nemelex Xobeh
Okawaru
Qazlal
Ru
Sif Muna
Trog
Uskayaw
Vehumet
Wu Jian
Xom
Yredelemnul
Zin
The Shining One
Beogh
Jiyva
Lugonu


Innate Abilities, Weirdness & Mutations

You can walk on water.
You sometimes lose the ability to read scrolls when taking damage.


Message History

Press: ? - help, Shift-Dir - straight line, f - sixfirhy
Aim: a sixfirhy (heavily wounded, summoned, friendly)
Okay, then.
You feel very mighty all of a sudden.
Your sixfirhy barely misses the hell hog.
Your sixfirhy hits the hell hog!
Your sixfirhy shocks the hell hog!
The hellion gestures at you.
The sphere of damnation explodes!
The damnation engulfs you!
You feel threatened and lose the ability to read scrolls!
The damnation engulfs your orc knight!!
Your orc knight dies!
The damnation engulfs your hellwing!!
Your hellwing dies!
Your hellwing disappears in a puff of smoke!
The balrug gestures at you. Something smites you!
The fire giant hits your sixfirhy with a +0 great sword of flaming!
The fire giant burns your sixfirhy.
Okay, then.
You cannot read scrolls in your current state!
A stoker comes into view.
Found five items.
Visions of slaying the hell hog flood into your mind.
The hell hog breathes fire at you.
The fireball explodes!
The fireball engulfs the searing wretch.
The searing wretch completely resists.
The fireball engulfs the hell hog.
The hell hog completely resists.
The fireball engulfs the hell hog.
The hell hog completely resists.
The fireball engulfs the hell hog.
The hell hog completely resists.
The fireball engulfs the hell hog.
The hell hog completely resists.
The fireball engulfs your sixfirhy!!!
Your sixfirhy dies!
Your sixfirhy disappears in a puff of smoke!
The hell hog breathes fire at you.
The fireball explodes!
The fireball engulfs you!!
* * * LOW HITPOINT WARNING * * *
The fireball engulfs your orc warrior!! The hellion gestures at you.
The sphere of damnation explodes!
The damnation engulfs you!!
You die...

▓...8©8...▓
▓..[})L)}.▓...[.}...▓
▓..2[||[..▓..[).)[..▓
▓..2.C....▓....))...▓
...hh2C..▓.........▓
▓ ..hnh...▓..)......▓
▓. .......▓....)....▓
▓..▓o))▓..▓....)....▓
▓.▓)@)§.▓.▓.........▓
▓...)©....▓....©....▓
▓▓▓▓▓▓▓▓▓▓▓▓▓▓▓▓▓▓▓▓▓


You could see a searing wretch, 2 fire giants, a stoker (unaware), 2 balrugs, 4
hell hogs, a hellion and a friendly orc warrior (strong).

Vanquished Creatures
  A deep elf knight (D)
  2 spriggans (D)
  A deep elf archer (D)
  A deep elf zephyrmancer (D)
  A shining eye (D)
  An eye of devastation (D)
  A cane toad (D)
  4 hornets (D)
  A slime creature (D)
  A yak (D)
  9 air elementals (D)
  A fire elemental (D)
  A warg (D)
  2 floating eyes (D)
  An orc warrior (D)
  3 black bears (D)
  4 wolves (D)
  2 bullfrogs (D)
  2 earth elementals (D)
  A crimson imp (D)
  3 starcursed masses (D)
  An iron imp (D)
  3 mummies (D)
  A shadow imp (D)
  An ufetubus (D)
  An endoplasm (D)
  3 jackals (D)
  A ball python zombie (D)
54 creatures vanquished.

Vanquished Creatures (collateral kills)
  An orc warlord (D)
  A deep elf pyromancer (D)
  A komodo dragon (D)
  2 spriggans (D)
  2 air elementals (D)
  A warg (D)
  2 orc warriors (D)
  An ogre (D)
  A shadow imp (D)
  A white imp (D)
13 creatures vanquished.

Vanquished Creatures (others)
  An orc knight (D)
  An orc sorcerer (D)
  3 orc priests (D)
  3 orcs (D)
8 creatures vanquished.

Grand Total: 75 creatures vanquished

Notes
Turn   | Place    | Note
-------+----------+-------------------------------------------
     0 | D        | xpp the Hill Orc Fighter began the quest for the Orb.
     0 | D        | Reached XP level 1. HP: 19/19 MP: 1/1
     0 | D        | Found a shimmering blue altar of Sif Muna.
     0 | D        | Found a sacrificial altar of Ru.
     0 | D        | Found a bloodstained altar of Trog.
     0 | D        | Found a stormy altar of Qazlal.
     0 | D        | Found an iron altar of Okawaru.
     0 | D        | Found a sparkling altar of Nemelex Xobeh.
     0 | D        | Found a blossoming altar of Fedhas.
     0 | D        | Found the +6 Majin-Bo {vamp, MP+6 Int+6}
     0 | D        | Found the +9 heavy crossbow "Sniper" {vorpal, Acc+∞ SInv}
     0 | D        | Found the +10 dark maul {vorpal}
     0 | D        | Found the +15 Maxwell's patent armour {-Cast -Tele rElec
                  | Will+ rCorr}
     0 | D        | Found the +18 shield of the Gong {rElec rN+ Will+ EV-5}
     0 | D        | Found the +14 obsidian axe {vorpal, Mesm Drain Fly SInv}
     0 | D        | Found the +7 great mace "Firestarter" {inner flame, rF++}
     0 | D        | Found the +6 shillelagh "Devastator" {shatter}
     0 | D        | Found the +11 plutonium sword {Contam Stlth-}
     0 | D        | Found the +8 lance "Wyrmbane" {slay drac, rPois rF+ rC+
                  | AC+3}
     0 | D        | Found the +9 sword of Zonguldrok {reap}
     0 | D        | Found the +13 scythe of Curses {drain, Drain}
     0 | D        | Found the +5 sword of Power {vorpal}
     0 | D        | Found the +7 mace of Variability {chain chaos}
     0 | D        | Found the +7 Singing Sword {vorpal, sonic wave}
     0 | D        | Found the +8 storm bow {elec, penet}
     2 | D        | Found a transporter.
     2 | D        | Found an ancient bone altar of Kikubaaqudgha.
     2 | D        | Found a viscous altar of Jiyva.
     2 | D        | Found a corrupted altar of Lugonu.
     2 | D        | Found a hazy altar of Hepliaklqana.
     2 | D        | Found a burning altar of Makhleb.
     2 | D        | Found an opulent altar of Gozag.
    31 | D        | Became a worshipper of Beogh the Brigand
    63 | D        | Entered arena 2.
    63 | D        | Noticed a wolf
    63 | D        | Found a transporter.
    69 | D        | Killed a wolf
    70 | D        | Reached skill level 5 in Axes
    70 | D        | Reached skill level 5 in Armour
    70 | D        | Reached skill level 5 in Shields
    70 | D        | Reached XP level 2. HP: 31/31 MP: 2/2
    70 | D        | Reached XP level 3. HP: 38/38 MP: 3/3
    70 | D        | Reached XP level 4. HP: 45/45 MP: 4/4
    78 | D        | Entered arena 3.
    78 | D        | Found a transporter.
    81 | D        | Reached * piety under Beogh
    82 | D        | Reached skill level 6 in Axes
    82 | D        | Reached XP level 5. HP: 43/52 MP: 5/5
    84 | D        | Reached ** piety under Beogh
    85 | D        | Reached skill level 7 in Axes
   139 | D        | Reached skill level 12 in Axes
   139 | D        | Reached XP level 6. HP: 60/60 MP: 6/6
   160 | D        | Entered arena 4.
   160 | D        | Found a transporter.
   166 | D        | Reached *** piety under Beogh
   167 | D        | Reached skill level 13 in Axes
   177 | D        | Entered arena 5.
   177 | D        | Noticed a starcursed mass
   177 | D        | Found a transporter.
   183 | D        | Paralysed by accursed screaming for 1 turns
   184 | D        | Killed a starcursed mass
   184 | D        | Reached **** piety under Beogh
   192 | D        | Killed a starcursed mass
   193 | D        | Reached skill level 15 in Axes
   193 | D        | Reached skill level 1 in Dodging
   193 | D        | Reached XP level 7. HP: 60/70 MP: 7/7
   193 | D        | Reached XP level 8. HP: 67/78 MP: 8/8
   194 | D        | Killed a starcursed mass
   195 | D        | Reached skill level 16 in Axes
   227 | D        | Got the +6 scale mail of Meolitt {Str+2 Dex+7 Slay+3}
   346 | D        | Entered arena 6.
   346 | D        | Noticed an air elemental
   346 | D        | Noticed an air elemental
   346 | D        | Noticed an air elemental
   346 | D        | Noticed an air elemental
   346 | D        | Noticed an air elemental
   346 | D        | Found a transporter.
   346 | D        | Paralysed by an air elemental for 1 turns
   348 | D        | Killed an air elemental
   349 | D        | Reached skill level 10 in Fighting
   350 | D        | Killed an air elemental
   350 | D        | Reached ***** piety under Beogh
   351 | D        | Paralysed by an air elemental for 1 turns
   354 | D        | Paralysed by an air elemental for 1 turns
   355 | D        | HP: 2/80 [air elemental/stunning burst (13)]
   356 | D        | Killed an air elemental
   357 | D        | Reached XP level 9. HP: 8/86 MP: 9/9
   358 | D        | Paralysed by an air elemental for 1 turns
   363 | D        | Paralysed by an air elemental for 1 turns
   366 | D        | Reached skill level 10 in Armour
   648 | D        | Entered arena 7.
   648 | D        | Noticed a shining eye
   648 | D        | Noticed an eye of devastation
   649 | D        | Found a transporter.
   650 | D        | Paralysed by a floating eye for 3 turns
   657 | D        | Gained mutation: You sometimes lose the ability to read
                  | scrolls when taking damage. [a shining eye]
   658 | D        | Killed a shining eye
   659 | D        | Reached skill level 10 in Shields
   660 | D        | Killed an eye of devastation
   829 | D        | Entered arena 8.
   829 | D        | Found the +27 Lear's hauberk
   829 | D        | Paralysed by an air elemental for 1 turns
   832 | D        | Paralysed by an air elemental for 1 turns
   834 | D        | Reached ****** piety under Beogh
   835 | D        | Reached XP level 10. HP: 30/97 MP: 10/10
  1133 | D        | Found a transporter.
  1177 | D        | Entered arena 9.
  1177 | D        | Noticed a deep elf knight
  1177 | D        | Noticed a deep elf zephyrmancer
  1177 | D        | Noticed a deep elf archer
  1177 | D        | Noticed a deep elf pyromancer
  1179 | D        | Killed a deep elf zephyrmancer
  1180 | D        | Reached skill level 5 in Dodging
  1180 | D        | Found a transporter.
  1182 | D        | Killed a deep elf knight
  1185 | D        | Killed a deep elf archer
  1186 | D        | Killed a deep elf pyromancer
  1202 | D        | Got the ring of Pyshay {Ice rPois MP-9 Str-5 Stlth+}
  1226 | D        | Entered arena 10.
  1226 | D        | Noticed a cane toad
  1227 | D        | Found a transporter.
  1235 | D        | Gained Milork as an ally
  1236 | D        | Killed a cane toad
  1237 | D        | Reached XP level 11. HP: 108/108 MP: 2/11
  1267 | D        | Entered arena 11.
  1267 | D        | Noticed a spriggan rider
  1267 | D        | Noticed a spriggan rider
  1267 | D        | Noticed a spriggan rider
  1267 | D        | Noticed a spriggan rider
  1274 | D        | Found a transporter.
  1278 | D        | Reached skill level 15 in Armour
  1278 | D        | Killed a spriggan rider
  1371 | D        | Entered arena 12.
  1371 | D        | Noticed an orc sorcerer
  1372 | D        | Noticed an orc warlord
  1376 | D        | Reached skill level 15 in Fighting
  1378 | D        | Found a transporter.
  1379 | D        | Reached skill level 15 in Shields
  1383 | D        | Killed an orc warlord
  1387 | D        | Got the Collected Works on Orientation
  1422 | D        | Entered arena 13.
  1422 | D        | Noticed a balrug
  1422 | D        | Noticed a searing wretch
  1422 | D        | Noticed a fire giant
  1422 | D        | Noticed a hell hog
  1422 | D        | Noticed a hell hog
  1422 | D        | Noticed a hell hog
  1422 | D        | Noticed a hell hog
  1422 | D        | Noticed a fire giant
  1422 | D        | Noticed a balrug
  1423 | D        | Your ally Milork died
  1425 | D        | Noticed a stoker
  1425 | D        | Killed from afar by a hellion

Illustrated notes

Levels and vault maps discovered:
D:        sprint_v [room_start, room_1, room_2, room_3, room_4, room_5, room_6,
          room_7, room_8, room_9, room_10, room_11, room_12, room_13, room_14,
          room_15, room_16, room_17, room_18, room_19, room_20, room_21,
          room_22, room_23, room_24, room_25, room_26, room_27]

Skill      XL: |  1  2  3  4  5  6  7  8  9 10 11 |
---------------+----------------------------------+-----
Fighting       | 6 7 9 10 12 13 15 | 15.3
Axes           | 5 6 12 15 16 | 16.8
Armour         | 5 6 8 9 11 14 15 | 15.9
Shields        | 5 6 7 8 11 13 15 | 15.4
Maces & Flails | 9 |  9.0
Dodging        | 1 2 4 5 6 |  6.8

Action                   |  1- 3 |  4- 6 |  7- 9 | 10-12 || total
-------------------------+-------+-------+-------+-------++-------
Melee: Broad axe         |     5 |    14 |    19 |    34 ||    72
Invok: Recall Orcish Fol |       |       |       |     1 ||     1
Evoke: Wand              |       |     1 |     1 |     4 ||     6
  Use: Potion            |     2 |     4 |    12 |     3 ||    21
 Stab: Distracted        |       |       |     1 |       ||     1
       Invisible         |       |       |       |     7 ||     7
       Sleeping          |       |       |       |     3 ||     3
Armor: Scale mail        |     4 |     1 |    28 |     2 ||    35
       Plate armour      |       |       |       |     6 ||     6
Dodge: Dodged            |     4 |     3 |    28 |     6 ||    41
Block: Buckler           |     6 |     1 |    21 |     2 ||    30
       Kite shield       |       |       |       |    23 ||    23
       Reflection        |       |       |       |     1 ||     1

Table legend: (Time is in decaauts)
 A = Elapsed time spent in this place.
 B = Non-inter-level travel time spent in this place.
 C = Inter-level travel time spent in this place.
 D = Time resting spent in this place.
 E = Time spent auto-exploring this place.
 F = Levels seen in this place.
 G = Mean time per level.
                   A        B        C        D        E       F      G
               +--------+--------+--------+--------+--------+-----+--------+
         Total |   1437 |   1437 |      0 |    981 |      5 |   1 | 1437.0 |
       Dungeon |   1437 |   1437 |      0 |    981 |      5 |   1 | 1437.0 |
               +--------+--------+--------+--------+--------+-----+--------+

Top non-repeatable levels by time:
       D: 1437 daAuts
